 Dungeon Crawl Stone Soup version 0.29.0-3-gbb0933ed62 (webtiles) character file.

Game seed: 7222305444187370926

254 keekatzer the Grave Robber (level 5, -1/41 HPs)
             Began as a Mummy Necromancer on Aug 26, 2022.
             Was an Initiate of Yredelemnul.
             Slain by Dowan
             ... wielding a +0 dagger
              (2 damage)
             ... on level 4 of the Dungeon.
             The game lasted 00:20:35 (2725 turns).

keekatzer the Grave Robber (Mummy Necromancer)      Turns: 2725, Time: 00:20:36

Health: -1/41      AC:  3    Str: 17    XL:     5   Next: 91%
Magic:  7/11       EV: 12    Int: 17    God:    Yredelemnul [......]
Gold:   232        SH:  0    Dex: 12    Spells: 8/12 levels left

rFire   x . .      SeeInvis .   o - +2 halberd (venom)
rCold   + . .      Faith    .   (shield currently unavailable)
rNeg    + + +      Spirit   .   a - +0 robe
rPois   ∞          Reflect  .   (no helmet)
rElec   .          Harm     .   k - scarf {repulsion}
rCorr   .          Rampage  .   (no gloves)
Will    +....                   l - +0 pair of boots
Stlth   ++........              n - amulet of magic regeneration
HPRegen 0.13/turn               b - ring of willpower
MPRegen 0.52/turn               f - +6 ring of strength

@: repel missiles
A: cold resistance 1, negative energy resistance 3, torment resistance 2, heat
vulnerability 1, in touch with death 1, no potions
a: Renounce Religion, Recall Undead Harvest


You were on level 4 of the Dungeon.
You worshipped Yredelemnul.
Yredelemnul was noncommittal.
You visited 1 branch of the dungeon, and saw 4 of its levels.

You collected 232 gold pieces.

Inventory:

Hand Weapons
 d - a +0 mace
 g - a +0 long sword
 j - the +2 hand axe of Moderation {venom, Will++ Str-3}
   (You found it on level 2 of the Dungeon)

   It poisons the flesh of those it strikes.
   Str:       It affects your strength (-3).
   Will:      It greatly increases your willpower.
 m - a +1 vorpal hand axe
 o - a +2 halberd of venom (weapon)
Armour
 a - a +0 robe (worn)
 k - a scarf of repulsion (worn)
 l - a +0 pair of boots (worn)
Jewellery
 b - a ring of willpower (left hand)
 f - a +6 ring of strength (right hand)
 i - a ring of ice
 n - an amulet of magic regeneration (around neck)
Wands
 q - a wand of polymorph (8)
Scrolls
 c - 2 scrolls of enchant weapon {unknown}
 e - 6 scrolls of identify {unknown}
 h - a scroll of magic mapping {unknown}
 p - a scroll of vulnerability {unknown}
 r - a scroll of butterflies {unknown}


   Skills:
 + Level 3.1 Fighting
 - Level 1.5 Dodging
 - Level 1.5 Stealth
 - Level 4.2 Spellcasting
 - Level 5.7 Necromancy


You had 8 spell levels left.
You knew the following spells:

 Your Spells              Type           Power      Damage    Failure   Level
a - Necrotise             Necr           100%       1d9       1%          1
b - Vampiric Draining     Necr           34%        2d8       4%          3

Your spell library contained the following spells:

 Spells                   Type           Power      Damage    Failure   Level
 Foxfire                  Conj/Fire      12%        2x1d4     16%         1
 Agony                    Necr           34%        N/A       38%         5
 Conjure Flame            Conj/Fire      3%         6-21      43%         3
 Inner Flame              Hex/Fire       3%         N/A       43%         3
 Flame Wave               Conj/Fire      3%         2d5       83%         4
 Animate Dead             Necr           Unusable   N/A       N/A         4

Dungeon Overview and Level Annotations

Branches:
Dungeon (4/15)
 Temple: D:4-7

Altars:
Makhleb
Okawaru
Ru
Yredelemnul

Annotations:
D:4 Dowan, Grinder, Menkaure


Innate Abilities, Weirdness & Mutations

You are immune to poison.
Your flesh is cold resistant. (rC+)
You are immune to negative energy. (rN+++)
You are immune to unholy pain and torment.
You are vulnerable to heat. (rF-)
You are in touch with the powers of death.
You do not drink.


Message History

You feel a surge of power!
Duvessa writhes in agony.
Duvessa hits you with a +0 short sword.
Your iguana zombie bites Duvessa.
Unknown command.
Casting: Necrotise (safe; 1% risk of failure)
Confirm with . or Enter, or press ? or * to list all spells.
Aiming: Necrotise (safe; 1% risk of failure)
Press: ? - help, Shift-Dir - straight line, f/p - Duvessa
Aim: Duvessa, wielding a +0 short sword and wearing a +0 chain mail (almost dead, fast, ally target, chance to affect: 70%)
You feel a surge of power!
Duvessa struggles to resist.
Duvessa hits you with a +0 short sword. Dowan hits you with a +0 dagger.
Your iguana zombie bites Duvessa but does no damage.
Duvessa hits you with a +0 short sword.
* * * LOW HITPOINT WARNING * * *
Casting: Necrotise (safe; 1% risk of failure)
Confirm with . or Enter, or press ? or * to list all spells.
Aiming: Necrotise (safe; 1% risk of failure)
Press: ? - help, Shift-Dir - straight line, f/p - Duvessa
Aim: Duvessa, wielding a +0 short sword and wearing a +0 chain mail (almost dead, fast, ally target, chance to affect: 70%)
You feel a surge of power!
Duvessa struggles to resist.
Duvessa hits you with a +0 short sword.
* * * LOW HITPOINT WARNING * * *
Dowan completely misses you.
Your iguana zombie bites Duvessa.
Casting: Necrotise (safe; 1% risk of failure)
Confirm with . or Enter, or press ? or * to list all spells.
Aiming: Necrotise (safe; 1% risk of failure)
Press: ? - help, Shift-Dir - straight line, f/p - Duvessa
Aim: Duvessa, wielding a +0 short sword and wearing a +0 chain mail (almost dead, fast, not watching you, ally target, chance to affect: 70%)
You feel a surge of power!
Duvessa struggles to resist.
Duvessa barely misses you.
Dowan points at you and mumbles some strange words.
The puff of flame is repelled.
Duvessa hits you with a +0 short sword.
* * * LOW HITPOINT WARNING * * *
Menkaure hits your iguana zombie!
Your iguana zombie bites Duvessa.
Duvessa dies!
Dowan's eyes darken. "You have made a black mistake."
Dowan seems to find hidden reserves of power!
Your Fighting skill gained 2 levels and is now at level 3!
Dowan attacks as you move away! Dowan hits you with a +0 dagger.
You die...
Yredelemnul claims you as an undead slave.

#.#.##.............#
#.........
#.#.##.............#
#.###.####
#.#.####'###.......# #.# #
#.#......# #.......# #.#
#.#..###########+#######.##
...>......................#
..........................#
..........................#
................@.........#
...............e).........#
................Z.........#
................M.........+
..............w...........#
..........................+
.......................#
......................
....................


You could see Menkaure, Dowan (fast, ally target), a dart slug and a friendly
iguana zombie.

Vanquished Creatures
  An iguana (D:4)
  3 gnolls (D:3)
  2 adders
  2 worms
  2 dart slugs
  3 orcs
  5 bats
  2 endoplasms
  A giant cockroach (D:3)
  4 hobgoblins
  4 kobolds
  2 quokkas
  6 ball pythons
  4 frilled lizards
  6 goblins
  A rat (D:1)
48 creatures vanquished.

Vanquished Creatures (collateral kills)
  Duvessa (D:4)
  2 gnolls
  An endoplasm (D:2)
  3 goblins (D:2)
7 creatures vanquished.

Vanquished Creatures (others)
  2 adder zombies
  A bat zombie (D:3)
  A gnoll zombie (D:3)
  A ball python zombie (D:3)
  An endoplasm zombie (D:4)
  A goblin zombie (D:3)
  A kobold zombie (D:3)
  A quokka zombie (D:2)
  15 plants
24 creatures vanquished.

Grand Total: 79 creatures vanquished

Notes
Turn   | Place    | Note
-------+----------+-------------------------------------------
     0 | D:1      | keekatzer the Mummy Necromancer began the quest for the
                  | Orb.
     0 | D:1      | Reached XP level 1. HP: 13/13 MP: 4/4
   440 | D:1      | Reached XP level 2. HP: 19/19 MP: 4/6
   529 | D:1      | Found a faded altar of an unknown god.
   649 | D:1      | Prayed at the altar of an unknown god.
   649 | D:1      | Became a worshipper of Yredelemnul the Dark
   649 | D:1      | Reached * piety under Yredelemnul
   936 | D:2      | Gained mutation: You are in touch with the powers of death.
                  | [Mummy growth]
   936 | D:2      | Reached XP level 3. HP: 20/24 MP: 3/7
  1037 | D:2      | Identified the +2 hand axe of Moderation {venom, Will++
                  | Str-3}
  1250 | D:2      | Reached skill level 5 in Necromancy
  1473 | D:3      | Reached XP level 4. HP: 19/30 MP: 5/9
  1705 | D:3      | Found an iron altar of Okawaru.
  2416 | D:4      | Found a sacrificial altar of Ru.
  2416 | D:4      | Found a burning altar of Makhleb.
  2498 | D:4      | Learned a level 3 spell: Vampiric Draining
  2515 | D:4      | Noticed Grinder
  2625 | D:4      | Reached XP level 5. HP: 36/36 MP: 8/11
  2697 | D:4      | Reached skill level 1 in Fighting
  2709 | D:4      | Noticed Duvessa
  2710 | D:4      | Noticed Dowan
  2718 | D:4      | Noticed Menkaure
  2724 | D:4      | HP: 1/37 [Duvessa/+0 short sword (6)]
  2724 | D:4      | Killed Duvessa
  2725 | D:4      | Slain by Dowan

Illustrated notes

Levels and vault maps discovered:
D:1:      nagdon_arrival_zigzag_paths, layout_loops_corners,
          chequers_ecumenical_altar_lobes, nicolae_grassy_gnolls
D:2:      layout_rooms, serial_forest, infiniplex_forest_clump_tiny,
          infiniplex_forest_3_way, infiniplex_forest_straight_5,
          infiniplex_forest_clump_C, infiniplex_forest_clump_diagonal
D:3:      cheibrodos_pilgrimage, layout_loops_corners, okawaru_ov_weapons_minmay
D:4:      layout_basic, zin_scriptorium, gammafunk_temple_overflow_statue,
          uniq_duvessa, uniq_menkaure, uniq_crazy_yiuf_cottage, uniq_grinder,
          uniq_blork_the_orc

Skill      XL: |  1  2  3  4  5 |
---------------+----------------+-----
Spellcasting   | 3 4 |  4.2
Necromancy     | 5 |  5.7
Fighting       | 3 |  3.1
Dodging        | |  1.5
Stealth        | |  1.5

Action                   |  1- 3 |  4- 6 || total
-------------------------+-------+-------++-------
Melee: Unarmed           |     5 |       ||     5
       Mace              |     3 |       ||     3
       Hand axe          |    11 |       ||    11
       Long sword        |     6 |       ||     6
       Punch             |     1 |       ||     1
       Halberd           |       |    15 ||    15
 Cast: Necrotise         |    47 |    39 ||    86
 Stab: Sleeping          |     1 |       ||     1
Armor: Robe              |     8 |     4 ||    12
Dodge: Dodged            |    20 |    15 ||    35
       Repelled          |       |     2 ||     2
